 Dungeon Crawl Stone Soup version 0.29.1-12-g30fa7ad0bf (webtiles) character file.

Game seed: 4203171128067521835

166934 wormed the Protected (level 17, -12/112 HPs)
             Began as a Gargoyle Fighter on Dec 21, 2022.
             Was the Champion of the Shining One.
             Mangled by an orc warlord
             ... wielding a +0 great mace
              (50 damage)
             ... on level 1 of the Orcish Mines.
             The game lasted 01:06:58 (24738 turns).

wormed the Protected (Gargoyle Fighter)            Turns: 24738, Time: 01:07:03

Health: -12/112    AC: 43    Str: 28 (29) XL:     17   Next: 91%
Magic:  22/22      EV:  7    Int: 11      God:    the Shining One [******]
Gold:   1361       SH: 12    Dex: 11 (13) Spells: 16/16 levels left

rFire   . . .      SeeInvis .   e - +9 trishula (holy)
rCold   + . .      Faith    .   E - +0 kite shield
rNeg    + + +      Spirit   .   U - +0 plate armour {rC+}
rPois   ∞          Reflect  .   j - +1 helmet
rElec   +          Harm     .   d - +2 cloak {rPois}
rCorr   .          Rampage  .   (no gloves)
Will    +....      Clarity  +   s - +2 pair of boots "Qeafrir" {Str+3 Int+4}
Stlth   ..........              J - amulet of regeneration
HPRegen 1.08/turn               w - +4 ring of slaying
MPRegen 0.18/turn               B - +4 ring of protection

@: flying, glowing
A: sickness immunity, AC +12, big wings, negative energy resistance 1,
electricity resistance, torment resistance 1, petrification resistance, agile 1,
clarity, deterioration 1, dopey 1, low MP 1
a: Renounce Religion, Divine Shield, Cleansing Flame, Summon Divine Warrior


You were on level 1 of the Orcish Mines.
You worshipped the Shining One.
The Shining One was exalted by your worship.
You visited 4 branches of the dungeon, and saw 23 of its levels.

You collected 2281 gold pieces.
You spent 920 gold pieces at shops.

Inventory:

Hand Weapons
 e - a +9 trishula of holy wrath (weapon)
 k - a +0 spear of freezing
 l - a +0 whip of venom
Missiles
 H - 2 throwing nets (quivered)
Armour
 d - a +2 cloak of poison resistance (worn)
 j - a +1 helmet (worn)
 s - the +2 pair of boots "Qeafrir" (worn) {Str+3 Int+4}
   (You acquired it on level 13 of the Dungeon)

   Str:       It affects your strength (+3).
   Int:       It affects your intelligence (+4).
 E - a +0 kite shield (worn)
 U - a +0 plate armour of cold resistance (worn)
Jewellery
 o - an amulet of guardian spirit
 r - a ring of protection from cold
 w - a +4 ring of slaying (left hand)
 y - a ring of protection from fire
 B - a +4 ring of protection (right hand)
 F - an amulet of faith
 I - a ring of protection from fire
 J - an amulet of regeneration (around neck)
Wands
 b - a wand of mindburst (6)
 c - a wand of charming (8)
 x - a wand of polymorph (17)
 C - a wand of acid (14)
 D - a wand of flame (6)
 G - a wand of roots (23)
 T - a wand of digging (6)
Scrolls
 a - 2 scrolls of enchant armour
 h - 2 scrolls of noise
 m - 6 scrolls of immolation
 n - 7 scrolls of butterflies
 q - 11 scrolls of teleportation
 v - a scroll of magic mapping
 A - 2 scrolls of blinking
 L - a scroll of fear
 M - a scroll of silence {unknown}
 P - 2 scrolls of poison
 R - a scroll of brand weapon
 S - 2 scrolls of identify
Potions
 f - 4 potions of flight
 g - 2 potions of attraction
 i - 2 potions of degeneration
 t - 5 potions of might
 u - 2 potions of lignification
 z - 2 potions of haste
 K - a potion of invisibility
 N - 6 potions of curing
 O - a potion of resistance
 Q - 4 potions of brilliance
 V - a potion of magic


   Skills:
 - Level 14.6 Fighting
 - Level 12.0 Maces & Flails
 * Level 4.0 Polearms
 - Level 9.5 Throwing
 - Level 14.7 Armour
 - Level 14.7 Shields
 - Level 11.3 Invocations


You had 16 spell levels left.
You didn't know any spells.
Your spell library contained the following spells:

 Spells                   Type           Power      Damage    Failure   Level
 Beastly Appendage        Tmut           0%         N/A       98%         1
 Magic Dart               Conj           0%         1d3       98%         1
 Blink                    Tloc           0%         N/A       99%         2
 Call Imp                 Summ           0%         N/A       99%         2
 Wereblood                Tmut           0%         N/A       99%         2
 Call Canine Familiar     Summ           0%         N/A       100%        3
 Lesser Beckoning         Tloc           0%         N/A       100%        3
 Mephitic Cloud           Conj/Pois/Air  0%         N/A       100%        3
 Portal Projectile        Hex/Tloc       0%         N/A       100%        3
 Spider Form              Tmut/Pois      0%         N/A       100%        3
 Hailstorm                Conj/Ice       0%         3d3       100%        4
 Ice Form                 Ice/Tmut       0%         N/A       100%        4
 Leda's Liquefaction      Hex/Erth       0%         N/A       100%        4
 Passage of Golubria      Tloc           0%         N/A       100%        4
 Manifold Assault         Tloc           0%         N/A       100%        5
 Silence                  Hex/Air        0%         N/A       100%        5
 Summon Forest            Summ/Tloc      0%         N/A       100%        5
 Summon Mana Viper        Hex/Summ       0%         N/A       100%        5
 Simulacrum               Ice/Necr       0%         N/A       100%        6
 Summon Cactus Giant      Summ           0%         N/A       100%        6
 Lehudib's Crystal Spear  Conj/Erth      0%         10d2      100%        8


Dungeon Overview and Level Annotations

Branches:
Dungeon (15/15) Temple (1/1) D:4 Lair (5/5) D:8 Shoals (0/4) Lair:2 Spider (0/4) Lair:2 Slime (0/5) Lair:5 Orc (2/2) D:12 Vaults (0/5) D:12 D:13 Depths (0/4) D:15 Elf: Orc:2

Altars:
Ashenzari
Cheibriados
Dithmenos
Elyvilon
Fedhas
Gozag
Hepliaklqana
Kikubaaqudgha
Makhleb
Nemelex Xobeh
Okawaru
Qazlal
Ru
Sif Muna
Trog
Uskayaw
Vehumet
Wu Jian
Xom
Yredelemnul
Zin
The Shining One

Shops:
D:6 ?   D:14 (!?*   Orc:2 (*

Portals:
Trove: D:14 (give 2 scrolls of acquirement)

Annotations:
D:15 Azrael
Lair:2 exclusion: oklob plant
Orc:2 Saint Roka


Innate Abilities, Weirdness & Mutations

You are immune to sickness and miasma.
Your stone body is resilient. (AC +12)
You are immune to poison.
Your large and strong wings let you fly.
You resist negative energy. (rN+)
You are resistant to electric shocks. (rElec)
You are resistant to unholy torment.
You are immune to petrification.
You are agile. (Dex +4, Str/Int -1)
You possess an exceptional clarity of mind.
Your body sometimes deteriorates upon taking damage.
You are dopey. (Int -2)
Your magical capacity is low. (-10% MP)


Message History

The orcs go into a battle-frenzy!
Saint Roka mumbles some strange prayers to Beogh against you.
Beogh smites you! You block the orc sorcerer's attack.
The orc knight shoots a bolt.
The bolt hits you but does no damage. The warg bites you but does no damage.
You fly upwards.
There is a stone staircase leading down here.
You puncture the orc warlord!
The orc warlord is lightly wounded.
The orc warlord hits you with a +0 great mace!
The orc sorcerer hits you but does no damage.
The warg bites you but does no damage.
The orc warlord hits you with a +0 great mace!!
The orc sorcerer points at you and mumbles some strange words.
You easily resist.
You block the warg's attack.
You hit the orc warlord but do no damage.
The orc warlord is lightly wounded.
You block the warg's attack. The orc warlord barely misses you.
The orc sorcerer points at you and mumbles some strange words.
The bolt of negative energy hits you but does no damage.
You resist.
You impale the warg!!
The warg is severely wounded.
The warg bites you but does no damage. You block the orc warlord's attack.
The orc sorcerer barely misses you. The warg bites you but does no damage.
You puncture the warg!
The warg is almost dead.
The orc warlord barely misses you. You block the orc sorcerer's attack.
The warg bites you but does no damage.
You impale the warg!!
You kill the warg!
The orc warlord hits you with a +0 great mace!
The orc sorcerer hits you but does no damage.
You puncture the orc sorcerer!
The orc sorcerer is moderately wounded.
The orc warlord hits you with a +0 great mace!!
Your body deteriorates!
You feel clumsy. You block the orc sorcerer's attack.
The orc warlord hits you with a +0 great mace!!!
You die...

##...####.###...######
#.....##...##..##
##...####.##...#
#....##....##)##
#..........[[..#
##...##.......##
#.............#
#...oo[.......#
##..[@).#....##
#..))[....###
##........##
#........## ##.#..#.##
#......## ##.#...#
##....# ##...#


You could see an orc warlord (strong) and an orc sorcerer (strong).

Vanquished Creatures
  Jorgrun (Orc:1)
  Rupert (D:12)
  The ghost of KittyFluff the Bludgeoner, a journeyman MiBe of Trog (Orc:2)
  2 fire dragons
  3 boulder beetles
  8 hydras
  6 centaur warriors
  3 two-headed ogres
  Urug (Lair:2)
  4 orc high priests
  Sonja (Orc:1)
  A wizard (D:15)
  Pikel (D:5)
  3 deep elf pyromancers (D:12)
  A necromancer (D:15)
  A lindwurm (Lair:5)
  9 orc knights
  A deep elf zephyrmancer (D:15)
  A wolf spider zombie (D:15)
  4 orc sorcerers
  9 ugly things
  Maurice (D:11)
  2 manticores
  4 cyclopes
  15 elephants
  A centaur zombie (D:15)
  7 black mambas
  A naga mage (D:15)
  A torpor snail (Lair:5)
  2 molten gargoyles (Lair:5)
  A rime drake (Lair:5)
  Maggie (Lair:2)
  2 centaur skeletons (D:15)
  10 cane toads
  An unseen horror (D:12)
  7 komodo dragons
  A cane toad (shapeshifter) (D:13)
  13 trolls
  2 hornets
  A wind drake (Lair:2)
  Prince Ribbit (D:8)
  15 blink frogs
  4 dream sheep (Lair:4)
  4 culicivoras (Lair:2)
  2 centaur simulacra
  3 shadows
  A culicivora (shapeshifter) (D:14)
  4 wraiths
  4 vampires
  40 yaks
  16 humans
  7 wyverns
  A fire bat (D:5)
  4 fire elementals (D:15)
  13 vampire mosquitoes
  3 basilisks
  A steam dragon (Lair:2)
  Grum (D:8)
  12 wargs
  A two-headed ogre zombie (D:12)
  2 acid dragons
  8 hell hounds
  A water moccasin (shapeshifter) (D:13)
  19 water moccasins
  34 orc warriors
  A sky beast (D:7)
  3 black bears
  2 ice beasts
  12 wolves
  11 ogres
  14 centaurs
  A lemure (D:5)
  3 phantoms
  6 kobold brigands
  2 gnoll sergeants
  2 bullfrogs (Lair:4)
  5 scorpions
  A necrophage (D:7)
  3 wights (D:6)
  2 troll zombies (D:12)
  3 electric eels
  3 howler monkeys
  4 lava snakes (Lair:5)
  12 orc priests
  17 hounds
  2 jellies
  Crazy Yiuf (D:6)
  2 gnoll boudas (D:8)
  8 iguanas
  21 orc wizards
  Natasha (thrice) (D:4)
  5 ogre zombies (D:12)
  22 gnolls
  11 adders
  A shadow imp (D:7)
  2 white imps (D:7)
  2 ufetubi (D:6)
  A worm (D:2)
  3 dart slugs
  77 orcs
  8 ball pythons
  8 endoplasms
  5 giant cockroaches
  4 goblins
  10 hobgoblins
  11 jackals
  3 quokkas (D:2)
  6 bats
  2 frilled lizards (D:3)
  5 goblin zombies (D:12)
  A hobgoblin skeleton (D:12)
  4 hobgoblin zombies (D:12)
  34 kobolds
  2 orc skeletons (D:12)
  13 orc zombies (D:12)
  4 rats
724 creatures vanquished.

Vanquished Creatures (collateral kills)
  A molten gargoyle (Lair:5)
  A steam dragon (Lair:5)
2 creatures vanquished.

Vanquished Creatures (others)
  A wizard (D:7)
  A tengu conjurer (D:15)
  An orc wizard (D:3)
  An orc (D:12)
  27 fungi
  20 plants
  6 toadstools (D:7)
57 creatures vanquished.

Grand Total: 783 creatures vanquished

Notes
Turn   | Place    | Note
-------+----------+-------------------------------------------
     0 | D:1      | wormed the Gargoyle Fighter began the quest for the Orb.
     0 | D:1      | Reached XP level 1. HP: 14/14 MP: 1/1
   118 | D:1      | Reached XP level 2. HP: 6/19 MP: 2/2
   795 | D:1      | Found a faded altar of an unknown god.
   861 | D:1      | Reached XP level 3. HP: 23/23 MP: 3/3
  1401 | D:2      | Reached XP level 4. HP: 29/29 MP: 4/4
  2025 | D:3      | Found a shimmering altar of Xom.
  2039 | D:3      | Found an ancient bone altar of Kikubaaqudgha.
  2166 | D:3      | Reached XP level 5. HP: 33/33 MP: 5/5
  2337 | D:2      | Gained mutation: Potions are less effective at restoring
                  | your health. [potion of mutation]
  2337 | D:2      | Gained mutation: Armour fits poorly on your strangely
                  | shaped body. [potion of mutation]
  2983 | D:3      | Lost mutation: Armour fits poorly on your strangely shaped
                  | body. [potion of mutation]
  2983 | D:3      | Lost mutation: Potions are less effective at restoring your
                  | health. [potion of mutation]
  2983 | D:3      | Gained mutation: Your magical capacity is low. (-10% MP)
                  | [potion of mutation]
  3087 | D:4      | Reached XP level 6. HP: 27/39 MP: 3/5
  3336 | D:4      | Noticed Natasha
  3342 | D:4      | Killed Natasha
  3614 | D:4      | Found a staircase to the Ecumenical Temple.
  3614 | D:4      | Noticed Natasha
  3630 | D:4      | Killed Natasha
  3647 | Temple   | Entered the Ecumenical Temple
  3881 | Temple   | Became a worshipper of the Shining One
  4013 | D:4      | Noticed Natasha
  4017 | D:4      | Killed Natasha
  4091 | D:5      | Entered Level 5 of the Dungeon
  4126 | D:5      | Noticed a black bear
  4132 | D:5      | Noticed an ice beast
  4135 | D:5      | Reached XP level 7. HP: 38/44 MP: 4/6
  4140 | D:5      | Reached skill level 5 in Maces & Flails
  4150 | D:5      | Reached skill level 5 in Fighting
  4150 | D:5      | Reached skill level 5 in Armour
  4150 | D:5      | Reached skill level 5 in Shields
  4173 | D:5      | Noticed Pikel
  4192 | D:5      | Killed Pikel
  4193 | D:5      | Reached XP level 8. HP: 26/50 MP: 2/7
  5058 | D:5      | Found a sparkling altar of Nemelex Xobeh.
  5145 | D:5      | Noticed a wyvern
  5157 | D:5      | a wyvern changed into a fire bat
  5712 | D:6      | Reached XP level 9. HP: 54/56 MP: 8/8
  5836 | D:6      | Reached * piety under the Shining One
  5924 | D:6      | Found a runed translucent door.
  5925 | D:6      | Noticed Crazy Yiuf
  6215 | D:6      | Found Judow's Magic Scroll Emporium.
  6244 | D:6      | Found an opulent altar of Gozag.
  6491 | D:6      | Killed Crazy Yiuf
  6605 | D:7      | Found a bloodstained altar of Trog.
  6703 | D:7      | Lost mutation: Your magical capacity is low. (-10% MP)
                  | [potion of mutation]
  6703 | D:7      | Gained mutation: Your magical capacity is low. (-10% MP)
                  | [potion of mutation]
  6703 | D:7      | Gained mutation: You possess an exceptional clarity of
                  | mind. [potion of mutation]
  6703 | D:7      | Gained mutation: You are agile. (Dex +4, Str/Int -1)
                  | [potion of mutation]
  7157 | D:7      | Noticed a wizard
  7162 | D:7      | Killed a wizard
  7236 | D:7      | Found a shadowy altar of Dithmenos.
  7299 | D:8      | Reached ** piety under the Shining One
  7623 | D:8      | Noticed a hornet
  7640 | D:8      | Killed a hornet
  7641 | D:8      | Reached XP level 10. HP: 45/63 MP: 6/9
  7889 | D:8      | Noticed Grum
  7898 | D:8      | Killed Grum
  8074 | D:8      | Noticed Prince Ribbit
  8099 | D:8      | Killed Prince Ribbit
  8284 | D:8      | Found a glowing silver altar of Zin.
  8538 | D:8      | Found a staircase to the Lair.
  8545 | Lair:1   | Entered Level 1 of the Lair of Beasts
  8555 | Lair:1   | Noticed a cane toad
  8561 | Lair:1   | Killed a cane toad
  8714 | Lair:1   | Reached skill level 10 in Maces & Flails
  8852 | Lair:1   | Noticed a seven-headed hydra
  8863 | Lair:1   | Killed a seven-headed hydra
  8876 | Lair:1   | Reached XP level 11. HP: 18/69 MP: 3/9
 10111 | Lair:2   | Noticed Maggie
 10111 | Lair:2   | Reached *** piety under the Shining One
 10262 | Lair:2   | Noticed a manticore
 10263 | Lair:2   | Found a staircase to the Shoals.
 10272 | Lair:2   | Killed a manticore
 10588 | Lair:2   | Reached skill level 10 in Armour
 10678 | Lair:2   | Killed Maggie
 10679 | Lair:2   | Reached skill level 10 in Fighting
 10679 | Lair:2   | Reached skill level 10 in Shields
 10679 | Lair:2   | Reached XP level 12. HP: 69/77 MP: 9/11
 10679 | Lair:2   | Reached XP level 13. HP: 75/84 MP: 9/14
 10906 | Lair:2   | Found a hole to the Spider Nest.
 10937 | Lair:2   | Noticed Urug
 10955 | Lair:2   | Killed Urug
 11036 | Lair:2   | Found a blossoming altar of Fedhas.
 11709 | Lair:3   | Reached skill level 5 in Invocations
 12736 | Lair:4   | Found a gate leading to a gauntlet.
 13236 | Lair:3   | Reached skill level 5 in Throwing
 13685 | Lair:5   | Entered Level 5 of the Lair of Beasts
 13802 | Lair:5   | Reached **** piety under the Shining One
 14172 | Lair:4   | Gained mutation: Your large and strong wings let you fly.
                  | [Gargoyle growth]
 14172 | Lair:4   | Reached XP level 14. HP: 87/92 MP: 17/17
 14557 | Lair:5   | Found a staircase to the Slime Pits.
 14693 | Lair:5   | Found a large runed translucent door.
 14694 | Lair:5   | Found a large runed translucent door.
 15592 | Lair:5   | Identified the +5 hand axe of Inflation {vorpal, rC+ rN+++
                  | SInv Stlth-}
 16023 | D:9      | Found a transporter.
 16124 | D:9      | Found a transporter.
 16130 | D:9      | Found a transporter.
 16131 | D:9      | Found a transporter.
 16521 | D:10     | Entered Level 10 of the Dungeon
 16688 | D:10     | Reached ***** piety under the Shining One
 16860 | D:10     | Identified the +3 leather armour of Xoeciora {rF+ Str+4
                  | Dex-3}
 17581 | D:11     | Noticed Maurice
 17595 | D:11     | Killed Maurice
 17645 | D:11     | Identified the +1 long sword "Iroo" {drain, rF- rN+++ Will+
                  | Dex+2}
 18411 | D:12     | Found a staircase to the Orcish Mines.
 18482 | D:12     | Reached ****** piety under the Shining One
 18673 | D:12     | Found a runed translucent door.
 19147 | D:12     | Paralysed by an orc sorcerer for 3 turns
 19616 | D:13     | Noticed Rupert
 19616 | D:13     | Found a gate to the Vaults.
 19705 | D:12     | Killed Rupert
 19706 | D:12     | Reached XP level 15. HP: 57/99 MP: 19/19
 19749 | D:12     | Reached XP level 16. HP: 86/104 MP: 20/20
 20492 | D:13     | Identified a scroll of acquirement
 20495 | D:13     | Acquired the +2 pair of boots "Qeafrir" {Str+3 Int+4}
 20699 | D:14     | Found Inone's Magic Scroll Shop.
 20723 | D:14     | Bought a scroll of enchant weapon for 135 gold pieces
 20723 | D:14     | Bought a scroll of enchant armour for 135 gold pieces
 20731 | D:14     | Found Nent's Distillery.
 20756 | D:14     | Found Waechapp's Weapon Shop.
 20838 | D:14     | Found a portal to a secret trove of treasure.
 21105 | D:14     | Found Iliaz's General Store.
 21179 | D:14     | Reached skill level 10 in Invocations
 21596 | D:14     | Bought a potion of experience for 650 gold pieces
 21596 | D:14     | Reached XP level 17. HP: 111/111 MP: 22/22
 21648 | D:15     | Entered Level 15 of the Dungeon
 22071 | D:15     | Noticed Azrael
 22910 | D:15     | Gained mutation: Your body sometimes deteriorates upon
                  | taking damage. [a neqoxec]
 22923 | D:15     | Gained mutation: You are dopey. (Int -2) [a neqoxec]
 23111 | D:15     | Found a staircase to the Depths.
 23281 | Orc:1    | Entered Level 1 of the Orcish Mines
 23392 | Orc:1    | Noticed Sonja
 23408 | Orc:1    | Killed Sonja
 23505 | Orc:1    | Noticed Jorgrun
 23538 | Orc:1    | Killed Jorgrun
 24035 | Orc:1    | Identified a +7 trishula of holy wrath (a +5 antimagic
                  | demon trident blessed by the Shining One)
 24035 | Orc:1    | Received a gift from the Shining One
 24050 | Orc:2    | Entered Level 2 of the Orcish Mines
 24050 | Orc:2    | Noticed KittyFluff's ghost (journeyman MiBe)
 24057 | Orc:2    | Found a runed translucent door.
 24085 | Orc:2    | Killed KittyFluff's ghost
 24131 | Orc:1    | Reached skill level 1 in Polearms
 24192 | Orc:2    | Found Ybiutai's Antique Weapon Emporium.
 24399 | Orc:2    | Found Dylemal's General Store.
 24510 | Orc:2    | Noticed Saint Roka
 24738 | Orc:1    | Mangled by an orc warlord

Illustrated notes

Levels and vault maps discovered:
D:1:      wander_arrival_chamber, layout_loops_ring,
          shapermc_ecumenical_altar_acropolis, dreamdust_mushroom_princess,
          serial_bayou_pond_e
D:2:      layout_rooms
D:3:      layout_loops_ring, jmf_multi_god_temple
D:4:      layout_loops_cross, minmay_temple_entry_large_hall, uniq_natasha
D:5:      layout_gridville, nemelex_diamond_rough_becter, uniq_pikel
D:6:      layout_cave_pools, nicolae_gozag_cash_rules_everything_around_me,
          serial_shops, shop, lightli_orcish_oven, uniq_crazy_yiuf_cottage
D:7:      layout_rooms, grunt_dithmenos_smoke, trog_wizard,
          minmay_gold_behind_fungi
D:8:      layout_cave_pools, lemuel_doored_altar, lair_entry_dummy,
          serial_gnoll_camp, gnoll_camp_mini_house, grums_kennel,
          gnoll_camp_mini_doghouse, gnoll_camp_medium_02, uniq_prince_ribbit1
D:9:      layout_stronghold, serial_column_ruins, column_ruins_hut,
          column_ruins_circle_small, column_ruins_columns_corner,
          column_ruins_corridor_water, column_ruins_open_tiny,
          column_ruins_columns_corner, dreamdust_wishing_well,
          nicolae_transporter_circle
D:10:     layout_irregular_city
D:11:     layout_grid_maze, nzn_sisyphean_effort, uniq_maurice
D:12:     layout_basic, zombieorc2_lemuel, lightli_church_of_beogh
D:13:     layout_basic, david_vaults_3, special_room [special_room_orc]
D:14:     layout_roguey, serial_shops, shop, nicolae_shop_window_shopping, shop,
          shop_fountains, minmay_staircase_statues, nicolae_trove_entry_columns,
          st_stairs_2
D:15:     grunt_enter_depths_magical_seal, layout_grid_maze, moated_statue,
          minivault_20, uniq_azrael
Temple:   regret_index_temple_generic_petals
Lair:1:   beast_lair_carwin_large_3, layout_cave_pods, grunt_megastairs_2
Lair:2:   layout_loops_ring, minmay_shoals_entry_beasts,
          hellmonk_spider_entry_life_and_decay, tgw_fedhas, lemuel_fruit_tree,
          grunt_megastairs_5, uniq_maggie, uniq_urug
Lair:3:   layout_regular_city, grunt_forest_small_clearing_treed,
          serial_bayou_shore_a, grunt_megastairs_3, lemuel_fruit_fields
Lair:4:   layout_regular_city, gauntlet_entry_generic, st_stairs_6,
          infiniplex_staircase_pool_2, grunt_megastairs_4
Lair:5:   cheibrodos_lair_end_hotspot, layout_regular_city, slime_entry_1,
          infiniplex_staircase_pool
Orc:1:    layout_caves, uniq_jorgrun, uniq_sonja
Orc:2:    grunt_orc_gardens, layout_caves, grunt_orc_garden, grunt_orc_garden,
          grunt_orc_garden, grunt_orc_garden, basic_altar, serial_shops,
          nicolae_shop_stone, hellmonk_ghost_happy_afterlife, uniq_saint_roka,
          uniq_snorg

Skill      XL: |  1  2  3  4  5  6  7  8  9 10 11 12 13 14 15 16 17 |
---------------+----------------------------------------------------+-----
Maces & Flails | 3 4 6 7 9 10 12 | 12.0
Fighting       | 4 5 6 7 8 10 12 13 14 | 14.6
Armour         | 4 5 6 7 8 10 12 13 14 | 14.7
Shields        | 4 5 6 7 8 10 12 13 14 | 14.7
Throwing       | 3 5 7 8 9 |  9.5
Invocations    | 3 6 8 9 10 11 | 11.3
Polearms       | 4 |  4.0

Action                   |  1- 3 |  4- 6 |  7- 9 | 10-12 | 13-15 | 16-18 || total
-------------------------+-------+-------+-------+-------+-------+-------++-------
Melee: Flail             |    87 |    95 |       |       |       |       ||   182
       Whip              |       |   102 |   378 |   480 |  1675 |  1008 ||  3643
       Trishula          |       |       |       |       |       |   187 ||   187
Invok: Brand Weapon With |       |       |       |       |       |     1 ||     1
Evoke: Wand              |       |       |     3 |       |       |       ||     3
  Use: Scroll            |       |     5 |     6 |     6 |     7 |    11 ||    35
       Potion            |       |     3 |     4 |     2 |     7 |     6 ||    22
Armor: Scale mail        |    49 |    57 |       |       |       |       ||   106
       Chain mail        |       |    72 |   127 |       |       |       ||   199
       Plate armour      |       |       |    86 |   291 |   999 |   777 ||  2153
Dodge: Dodged            |    42 |    80 |    81 |   107 |   342 |   269 ||   921
Block: Buckler           |     9 |    34 |    62 |       |       |       ||   105
       Kite shield       |       |       |    42 |   231 |   908 |   776 ||  1957
